 Dungeon Crawl Stone Soup version 0.16-a0-1970-g0967df0 (webtiles) character file.

6456 ztt the Cleaver (level 10, -5/56 HPs)
             Began as a Vine Stalker Berserker on Nov 7, 2014.
             Was a High Priest of Trog.
             Slain by a giant leech (10 damage)
             ... on level 4 of the Lair of Beasts.
             The game lasted 00:14:33 (3559 turns).

ztt the Cleaver (Vine Stalker Berserker)            Turns: 3559, Time: 00:14:33

Health: -5/56      AC: 13    Str: 23    XL:     10   Next: 99%
Magic:  0/13       EV: 11    Int:  7    God:    Trog [*****.]
Gold:   229        SH:  0    Dex: 14    Spells: 0 memorised, 9 levels left

rFire  . . .     SeeInvis .     r - +4 war axe (drain)
rCold  . . .     Clarity  .     q - +0 scale mail
rNeg   . . .     SustAb   .     (no shield)
rPois  .         Gourm    .     i - +0 helmet
rElec  .         Spirit   +     (no cloak)
rCorr  .         Warding  .     m - +2 pair of gloves
rMut   .         Stasis   .     o - +0 pair of boots
MR     +....                    (no amulet)
Stlth  +.........               (no ring)
                                (no ring)

@: exhausted, about to teleport, slowed, very slow, somewhat resistant to
hostile enchantments, very unstealthy
A: fangs 3, regeneration 2, magic shield, antimagic bite, no device heal 3, rot
immunity
a: Burn Spellbooks, Berserk, Trog's Hand, Brothers in Arms, Renounce Religion


You were on level 4 of the Lair of Beasts.
You worshipped Trog.
Trog was extremely pleased with you.
You were near starving.

You visited 3 branches of the dungeon, and saw 16 of its levels.

You collected 229 gold pieces.

Inventory:

Hand weapons
 a - a +0 hand axe
 r - a +4 war axe of draining (weapon)
Armour
 i - a +0 helmet (worn)
 m - a +2 pair of gloves (worn)
 o - a +0 pair of boots (worn)
 q - a +0 scale mail (worn)
Jewellery
 E - a +2 ring of dexterity {unknown}
Magical devices
 l - a wand of digging (15)
 n - a wand of magic darts (41)
 t - a wand of polymorph (8)
 D - a wand of enslavement (2)
Scrolls
 b - a scroll of enchant weapon
 d - 3 scrolls of identify
 k - 3 scrolls of remove curse
 A - a scroll of recharging
Potions
 e - a potion of might {unknown}
 g - a potion of degeneration {unknown}
 h - 2 potions of mutation
 j - a potion of lignification {unknown}
 p - a potion of agility
 u - a potion of restore abilities {unknown}
 v - a potion of invisibility {unknown}
 x - a potion of curing {unknown}
 C - a potion of cure mutation {unknown}
Books
 w - a book of Party Tricks

   Spells                             Type                      Level
   Summon Butterflies                 Summoning                    1
   Apportation                        Translocation                1
   Blink                              Translocation                2
   Tukima's Dance                     Hexes                        3
   Alistair's Intoxication            Transmutation/Poison         4
   Trog disapproves of the use of such an item.
Comestibles
 c - a bread ration
 f - a meat ration
 s - 2 chunks of flesh
 z - a royal jelly
 B - 10 fruits


   Skills:
 + Level 7.8 Fighting
 + Level 8.6 Axes
 + Level 6.5 Armour
 + Level 6.6 Dodging
 + Level 3.6 Stealth


You had 9 spell levels left.
You didn't know any spells.

Dungeon Overview and Level Annotations

Branches:
Dungeon (11/15)              Lair (4/8) D:11          Swamp (1/5) Lair:4
    Orc (0/4) D:9
 Temple: D:4-7        Snake: Lair:3-6    Spider: Lair:3-6

Altars:
Dithmenos
Okawaru
Vehumet

Shops:
D:6 *


Innate Abilities, Weirdness & Mutations

You have razor-sharp teeth.
You heal very quickly.
When hurt, damage is shared between your health and your magic reserves.
Your bite disrupts and absorbs the magic of your enemies.
Potions and wands cannot restore your health.
You are immune to rotting.


Message History

You slice the bog body!!
You destroy the bog body!
Trog appreciates your killing of a magic user.
A giant leech comes into view.
You feel a strong urge to attack something.
You are no longer berserk.
You are exhausted.
You feel yourself slow down.
You are near starving!
There is a staircase back to the Lair here.
The giant leech bites you!!
* * * LOW HITPOINT WARNING * * *
The giant leech draws strength from your injuries!
You climb upwards.
Welcome back to the Lair of Beasts!
There is a staircase to the Swamp here.
Read which item? (? for menu, Esc to quit)
As you read the scroll of teleportation, it crumbles to dust.
You feel strangely unstable. The giant leech barely misses you.
The giant leech bites you!
You die...

... .. #.. ###..
##...# #....
.#####P..#
....?§§§@###
......§§§w..##
......§§§....#
......§§§...)###
...............#
#
..............##
## .............#
.#
..........†...#
.#
..............†.#


You could see a giant leech.

Vanquished Creatures
  A hill giant (D:10)
  A cyclops (D:11)
  A spiny frog (Lair:4)
  2 komodo dragons
  A baby alligator (Lair:4)
  A bog body (Swamp:1)
  A deep elf mage (D:9)
  A wraith (D:11)
  4 yaks (Lair:2)
  A human (D:9)
  2 water moccasins
  Edmund (D:9)
  A hippogriff (D:11)
  A mottled dragon (D:11)
  A warg (D:9)
  An orc warrior (D:9)
  An ice beast (D:9)
  A swamp drake (Lair:4)
  2 sky beasts (D:10)
  An ogre (D:8)
  5 centaurs
  3 giant frogs
  3 crocodiles
  A big kobold (D:9)
  3 scorpions
  A water moccasin skeleton (D:6)
  4 killer bees (D:10)
  A yak zombie (D:10)
  9 wights
  A goliath beetle (D:10)
  A crimson imp (D:9)
  A jelly (D:11)
  4 hounds
  4 orc priests
  2 orc wizards
  3 iguanas
  A worker ant (D:11)
  An ogre zombie (D:10)
  4 adders
  A giant mite (D:1)
  2 shadow imps
  A worm (D:2)
  An orc zombie (D:9)
  3 giant geckos
  20 orcs
  5 bats
  2 hobgoblins (D:1)
  5 jackals (D:1)
  12 kobolds
  2 quokkas
  6 giant newts
  7 goblins
  A hobgoblin skeleton (D:6)
  2 orc skeletons
  8 rats
  2 rat zombies (D:6)
  A ballistomycete (D:7)
159 creatures vanquished.

Vanquished Creatures (others)
  A giant spore (D:7)
1 creature vanquished.

Grand Total: 160 creatures vanquished

Notes
Turn   | Place    | Note
--------------------------------------------------------------
     0 | D:1      | ztt, the Vine Stalker Berserker, began the quest for the Orb.
     0 | D:1      | Reached XP level 1. HP: 11/11 MP: 1/1
    45 | D:1      | Reached skill level 3 in Fighting
    57 | D:1      | Reached XP level 2. HP: 13/16 MP: 3/3
   172 | D:1      | Acquired Trog's second power
   217 | D:1      | Reached XP level 3. HP: 20/20 MP: 4/4
   321 | D:2      | Found a radiant altar of Vehumet.
   363 | D:2      | HP: 1/20 [poisoned by an adder]
   371 | D:2      | HP: 1/20 [poisoned by an adder]
   667 | D:4      | Reached XP level 4. HP: 13/24 MP: 5/5
   793 | D:5      | Entered Level 5 of the Dungeon
   920 | D:5      | Reached XP level 5. HP: 29/29 MP: 7/7
   971 | D:5      | Reached skill level 4 in Fighting
  1012 | D:5      | Reached skill level 1 in Stealth
  1039 | D:6      | Found an iron altar of Okawaru.
  1059 | D:6      | Noticed a centaur
  1068 | D:6      | Killed a centaur
  1068 | D:6      | Gained mutation: You heal very quickly. [vine stalker growth]
  1068 | D:6      | Reached XP level 6. HP: 9/33 MP: 6/8
  1194 | D:6      | Found Eqeq's General Store.
  1275 | D:6      | Reached XP level 7. HP: 38/38 MP: 9/9
  1525 | D:9      | Reached skill level 5 in Fighting
  1581 | D:9      | Gained mutation: You have razor-sharp teeth. [vine stalker growth]
  1581 | D:9      | Reached XP level 8. HP: 41/43 MP: 11/11
  1621 | D:9      | Found a staircase to the Orcish Mines.
  1628 | D:9      | Noticed Edmund
  1634 | D:9      | Noticed a human
  1635 | D:9      | Reached skill level 5 in Axes
  1641 | D:9      | Killed Edmund
  1643 | D:9      | Killed a human
  1677 | D:9      | Noticed a deep elf mage
  1681 | D:9      | Killed a deep elf mage
  1796 | D:9      | Reached skill level 6 in Axes
  1796 | D:9      | Reached XP level 9. HP: 48/48 MP: 12/12
  1886 | D:9      | Acquired Trog's third power
  1987 | D:10     | Entered Level 10 of the Dungeon
  2170 | D:10     | Reached skill level 5 in Dodging
  2390 | D:10     | Reached skill level 5 in Armour
  2433 | D:10     | Reached skill level 7 in Axes
  2493 | D:10     | Noticed a hill giant
  2504 | D:10     | Killed a hill giant
  2540 | D:10     | Reached XP level 10. HP: 28/53 MP: 13/13
  2571 | D:10     | Noticed a komodo dragon
  2643 | D:10     | Killed a komodo dragon
  2937 | D:11     | Noticed a cyclops
  2955 | D:11     | Killed a cyclops
  2962 | D:11     | Reached skill level 8 in Axes
  3213 | D:11     | Found a staircase to the Lair.
  3269 | Lair:1   | Entered Level 1 of the Lair of Beasts
  3318 | Lair:2   | Found a shadowy altar of Dithmenos.
  3507 | Lair:4   | Found a staircase to the Swamp.
  3528 | Swamp:1  | Entered Level 1 of the Swamp
  3555 | Swamp:1  | HP: 1/56 [giant leech (13)]
  3559 | Lair:4   | Slain by a giant leech

Action                   |  1- 3 |  4- 6 |  7- 9 | 10-12 || total
-------------------------+-------+-------+-------+-------++-------
Melee: Hand axe          |    85 |    84 |       |       ||   169
       War axe           |       |     4 |   215 |   106 ||   325
Invok: Berserk           |       |     2 |     3 |     4 ||     9
  Use: Scroll            |       |       |     9 |     4 ||    13
 Stab: Sleeping          |     2 |       |       |       ||     2
  Eat: Fruit             |       |     1 |     1 |       ||     2
       Chunk             |       |     2 |       |     4 ||     6
       Bread ration      |       |       |     2 |       ||     2
